 Dungeon Crawl Stone Soup version 0.16-a0-3997-g61da7c2 (webtiles) character file.

695 timbw the Sneak (level 7, -2/41 HPs)
             Began as a Halfling Summoner on Feb 13, 2015.
             Shot with an arrow by a centaur (10 damage)
             ... on level 7 of the Dungeon.
             The game lasted 00:12:22 (2480 turns).

timbw the Sneak (Halfling Summoner)                 Turns: 2480, Time: 00:12:22

Health: -2/41      AC:  5    Str:  8    XL:     7   Next: 96%
Magic:  6/12       EV: 15    Int: 16    God:
Gold:   233        SH:  0    Dex: 15    Spells: 4 memorised, 1 level left

rFire  . . .     SeeInvis .     i - +0 dagger
rCold  . . .     Clarity  .     n - +0 leather armour
rNeg   . . .     SustAb   .     (no shield)
rPois  .         Gourm    .     d - +0 helmet
rElec  .         Spirit   .     (no cloak)
rCorr  .         Warding  .     c - +0 pair of gloves
rMut   .         Stasis   .     (no boots)
MR     .....                    e - amulet of rage (curse)
Stlth  ++++......               (no ring)
                                j - +1 ring of evasion

@: not resistant to hostile enchantments, stealthy
A: mutation resistance 1
a: Evoke Berserk Rage


You were on level 7 of the Dungeon.
You were very hungry.

You visited 1 branch of the dungeon, and saw 7 of its levels.

You collected 233 gold pieces.

Inventory:

Hand weapons
 i - a +0 dagger (weapon)
 o - a +0 dagger of speed
Missiles
 s - 16 poisoned needles
Armour
 a - a +0 robe
 c - a +0 pair of gloves (worn)
 d - a +0 helmet (worn)
 n - a +0 leather armour (worn)
Jewellery
 e - a cursed amulet of rage (around neck)
 j - a +1 ring of evasion (left hand)
Magical devices
 q - a wand of enslavement (14)
Scrolls
 t - a scroll of remove curse
 v - a scroll of silence {unknown}
Potions
 f - 3 potions of curing {unknown}
 g - 3 potions of brilliance
 h - 3 potions of agility
 k - 2 potions of restore abilities {unknown}
 p - a potion of might {unknown}
 r - a potion of poison {unknown}
 w - a potion of lignification {unknown}
Books
 b - a book of Callings

   Spells                             Type                      Level
   a - Summon Small Mammal            Summoning                    1
   b - Call Imp                       Summoning                    2
   c - Call Canine Familiar           Summoning                    3
   d - Summon Guardian Golem          Hexes/Summoning              4
   e - Summon Lightning Spire         Summoning/Air                4
   f - Summon Ice Beast               Ice/Summoning                4
Comestibles
 l - 2 bread rations
 m - a beef jerky
 u - a slice of pizza


   Skills:
 + Level 4.8 Short Blades
 - Level 2.1 Dodging
 * Level 7.4 Stealth
 + Level 2.5 Spellcasting
 + Level 4.3 Summonings


You had one spell level left.
You knew the following spells:

 Your Spells              Type           Power        Failure   Level  Hunger
a - Summon Small Mammal   Summ           ###.         6%          1    #......
b - Call Imp              Summ           ###.....     10%         2    ##.....
c - Call Canine Familiar  Summ           ###.....     14%         3    ###....
d - Summon Ice Beast      Ice/Summ       #.......     95%         4    #####..


Dungeon Overview and Level Annotations

Branches:
Dungeon (7/15)
 Temple: D:4-7

Altars:
Kikubaaqudgha
Trog


Innate Abilities, Weirdness & Mutations

You are small and have problems with some larger weapons.
You are somewhat resistant to further mutation.


Message History

Found a ring mail.
You are feeling very hungry.
Your crimson imp disappears in a puff of smoke!
A centaur comes into view. It is wielding a short sword.
Your crimson imp blinks!
You see here a ring mail.
The centaur unwields an uncursed short sword.
The centaur wields a shortbow.
The centaur shoots an arrow.
The arrow hits you.
The centaur shoots an arrow.
The arrow hits you.
* * * LOW HITPOINT WARNING * * *
Found an escape hatch in the floor.
You see here 2 arrows. 3 orcs and an orc wizard come into view.
The centaur shoots an arrow.
The arrow hits you.
* * * LOW HITPOINT WARNING * * *
You see here an arrow.
Unknown command.
The orc wizard shouts!
The orc shouts!
The orc shouts!
The centaur shoots an arrow.
The arrow hits you!
You die...

...YY #oo#.#
#.#.# ..Y.
#o.#.# #.#.#
#.# #.o#.#
#.#.# #..#.#
#.#.# #..#.#
# #.#.#
#..#[#.#
#.#.
#..5(..# #.#
#..(.######
#.@.........
#...#######
#.....
#.#.###
#.#c# >.#.#
####.# #.# .


You could see a centaur, an orc wizard, 3 orcs and a friendly crimson imp.

Vanquished Creatures
  A hippogriff (D:5)
  The ghost of timbw the Vexing, an average HuEn (D:4)
  A giant frog (D:7)
  A giant frog skeleton (D:7)
  A worker ant (D:6)
  Ijyb (D:2)
  Jessica (D:2)
  Terence (D:3)
  A mummy (D:7)
  2 adder skeletons
  An ooze (D:3)
  6 orcs
  2 bats (D:5)
  A bat zombie (D:5)
  4 hobgoblins
  3 kobolds
  A giant cockroach (D:4)
  3 giant geckos
  A giant newt (D:5)
  A goblin (D:4)
  5 rats
39 creatures vanquished.

Vanquished Creatures (collateral kills)
  A yak (D:7)
  An ogre (D:3)
  2 giant frogs
  The ghost of Vidiiot the Conjurer, a weakling DsWz (D:7)
  A goliath beetle (D:7)
  A hound (D:4)
  5 adders
  A shadow imp (D:7)
  2 worms (D:5)
  An orc (D:3)
  A bat (D:5)
  A bat zombie (D:5)
  A hobgoblin (D:2)
  2 kobolds
  A giant cockroach (D:2)
  A giant gecko skeleton (D:5)
23 creatures vanquished.

Vanquished Creatures (others)
  10 crimson imps
  A hound (D:7)
  An iron imp (D:7)
  2 shadow imps (D:7)
  4 white imps
  A bat (D:2)
  A giant spore (D:7)
  3 rats
23 creatures vanquished.

Grand Total: 85 creatures vanquished

Notes
Turn   | Place    | Note
--------------------------------------------------------------
     0 | D:1      | timbw, the Halfling Summoner, began the quest for the Orb.
     0 | D:1      | Reached XP level 1. HP: 11/11 MP: 2/2
   123 | D:2      | Noticed Ijyb
   133 | D:2      | Killed Ijyb
   133 | D:2      | Reached XP level 2. HP: 17/17 MP: 0/3
   142 | D:2      | Learned a level 2 spell: Call Imp
   322 | D:2      | Reached XP level 3. HP: 21/21 MP: 1/5
   398 | D:2      | Reached skill level 1 in Short Blades
   398 | D:2      | Reached skill level 4 in Stealth
   439 | D:3      | Noticed Jessica
   455 | D:2      | Killed Jessica
   601 | D:2      | Reached XP level 4. HP: 19/27 MP: 3/6
   625 | D:3      | Noticed an ogre
   639 | D:3      | Found an ancient bone altar of Kikubaaqudgha.
   680 | D:3      | Killed an ogre
   680 | D:3      | Reached skill level 5 in Stealth
   808 | D:3      | Reached XP level 5. HP: 19/31 MP: 2/7
   820 | D:4      | Noticed timbw's ghost (average HuEn)
   849 | D:4      | Killed timbw's ghost
   861 | D:4      | Learned a level 3 spell: Call Canine Familiar
   909 | D:4      | Reached XP level 6. HP: 20/36 MP: 1/9
  1053 | D:4      | Found a bloodstained altar of Trog.
  1103 | D:3      | Noticed Terence
  1111 | D:3      | Killed Terence
  1111 | D:3      | Reached skill level 6 in Stealth
  1164 | D:5      | Entered Level 5 of the Dungeon
  1365 | D:5      | Noticed a hippogriff
  1386 | D:5      | Killed a hippogriff
  1496 | D:5      | Reached XP level 7. HP: 41/41 MP: 3/12
  1523 | D:5      | Learned a level 4 spell: Summon Ice Beast
  1755 | D:7      | Noticed Vidiiot's ghost (weakling DsWz)
  1759 | D:7      | Reached skill level 7 in Stealth
  1784 | D:7      | Killed Vidiiot's ghost
  1999 | D:7      | Noticed a yak
  1999 | D:7      | Noticed a yak
  1999 | D:7      | Noticed a yak
  2000 | D:7      | Noticed a yak
  2028 | D:7      | HP: 1/41 [yak (15)]
  2035 | D:7      | Killed a yak
  2480 | D:7      | Shot with an arrow by a centaur

Action                   |  1- 3 |  4- 6 |  7- 9 || total
-------------------------+-------+-------+-------++-------
Melee: Unarmed           |    17 |       |       ||    17
       Dagger            |    20 |    99 |    48 ||   167
 Cast: Summon Small Mamm |     6 |     1 |     3 ||    10
       Call Imp          |     6 |    20 |    27 ||    53
       Call Canine Famil |       |     5 |     4 ||     9
 Abil: Evoke Berserk Rag |     2 |     1 |       ||     3
  Use: Scroll            |       |     4 |       ||     4
 Stab: Sleeping          |     1 |     7 |     7 ||    15
       Distracted        |       |     1 |     1 ||     2
  Eat: Chunk             |       |     2 |     5 ||     7
       Bread ration      |       |     1 |       ||     1
